 Dungeon Crawl Stone Soup version 0.23-a0-404-g0063841 (webtiles) character file.

1244 galech the Chopper (level 8, -8/61 HPs)
             Began as a Demonspawn Fighter on Nov 5, 2018.
             Was an Initiate of Okawaru.
             Mangled by an ogre
             ... wielding a +0 giant club
              (15 damage)
             ... on level 6 of the Dungeon.
             The game lasted 00:07:15 (5548 turns).

galech the Chopper (Demonspawn Fighter)             Turns: 5548, Time: 00:07:16

Health: -8/61      AC: 14    Str: 17    XL:     8   Next: 25%
Magic:  0/8        EV:  5    Int: 10    God:    Okawaru [......]
Gold:   393        SH:  9    Dex: 14    Spells: 7/7 levels left

rFire    . . .     SeeInvis .   a - +0 war axe
rCold    + . .     Gourm    .   c - +0 shield
rNeg     . . .     Faith    +   n - +0 chain mail
rPois    .         Spirit   +   (no helmet)
rElec    .         Reflect  .   (no cloak)
rCorr    .         Harm     .   (no gloves)
MR       .....                  o - +0 pair of boots
Stlth    ..........             z - amulet of faith
HPRegen  0.20/turn              (no ring)
MPRegen  0.11/turn              t - +2 ring of protection

@: no status effects
A: talons 2, molten scales 1, cold resistance 1, magic shield
a: Renounce Religion


You were on level 6 of the Dungeon.
You worshipped Okawaru.
Okawaru was noncommittal.
You were hungry.

You visited 2 branches of the dungeon, and saw 7 of its levels.

You collected 393 gold pieces.

Inventory:

Hand Weapons
 a - a +0 war axe (weapon)
Armour
 c - a +0 shield (worn)
 n - a +0 chain mail (worn)
 o - a +0 pair of boots (worn)
Jewellery
 t - a +2 ring of protection (right hand)
 z - an amulet of faith (around neck)
Wands
 w - a wand of enslavement (6)
 y - a wand of iceblast (8)
Scrolls
 b - 10 scrolls of remove curse
 e - 5 scrolls of teleportation
 g - a scroll of immolation
 j - 3 scrolls of magic mapping
 k - 4 scrolls of enchant armour
 l - 3 scrolls of blinking
 r - 5 scrolls of amnesia
 v - a scroll of fog {unknown}
 x - a scroll of enchant weapon {unknown}
Potions
 d - 2 potions of might
 h - 2 potions of curing
 i - a potion of heal wounds {unknown}
 m - a potion of lignification {unknown}
 p - 2 potions of agility {unknown}
 s - a potion of cancellation {unknown}
 u - a potion of berserk rage {unknown}
Comestibles
 f - 10 rations
 q - 3 chunks of flesh


   Skills:
 + Level 4.7 Fighting
 + Level 6.5 Axes
 + Level 4.8 Armour
 + Level 1.3 Dodging
 + Level 0.2 Stealth
 + Level 4.3 Shields


You had 7 spell levels left.
You didn't know any spells.
Your spell library contained the following spells:

 Spells                   Type           Power        Failure   Level  Hunger
 Summon Small Mammal      Summ           #...         100%        1    ##.....
 Call Imp                 Summ           #.......     100%        2    ###....
 Call Canine Familiar     Summ           #.......     100%        3    ####...
 Summon Guardian Golem    Hex/Summ       #.......     100%        3    ####...
 Summon Ice Beast         Ice/Summ       #.......     100%        4    #####..
 Summon Lightning Spire   Summ/Air       #.......     100%        4    #####..


Dungeon Overview and Level Annotations

Branches:
Dungeon (6/15)             Temple (1/1) D:6

Altars:
Fedhas
Hepliaklqana
Kikubaaqudgha
Makhleb
Nemelex Xobeh
Okawaru
Qazlal
Ru
Trog
Vehumet
Yredelemnul
The Shining One


Innate Abilities, Weirdness & Mutations

You have razor-sharp toenails.
You are partially covered in molten scales. (AC +2)
Your flesh is cold resistant. (rC+)
When hurt, damage is shared between your health and your magic reserves.


Message History

The ogre is lightly wounded.
The ogre hits you with a +0 giant club!
You slash the ogre!
The ogre is heavily wounded.
The ogre hits you with a +0 giant club!
* * * LOW HITPOINT WARNING * * *
Your shield and chain mail prevent you from hitting the ogre.
The ogre is heavily wounded.
You block the ogre's attack.
You are feeling hungry.
You hit the ogre.
The ogre is heavily wounded.
You block the ogre's attack.
Your shield and chain mail prevent you from hitting the ogre.
The ogre is heavily wounded.
You block the ogre's attack.
You barely miss the ogre.
The ogre is heavily wounded.
The ogre hits you with a +0 giant club!
You die...

## .# .# #.# .# ###
#.###########O# ..#
#.#.........@.#
#.###)#.###########
....#.#.# ###.#.#.#
....#.#.#####
###.#.......#
#<....#.###.#
#.#.....# #.#
#...#.#####.#


You could see an ogre.

Vanquished Creatures
  A water moccasin (D:5)
  A sky beast (D:5)
  A necrophage (D:4)
  A phantom (D:4)
  2 ogres
  2 crimson imps (D:5)
  2 orc priests
  2 hounds (D:4)
  A jelly (D:5)
  A gnoll shaman (D:4)
  5 orc wizards
  An iguana (D:6)
  A worker ant (D:4)
  A hound skeleton (D:4)
  7 gnolls
  5 adders
  A shadow imp (D:5)
  2 oozes
  An adder skeleton (D:5)
  3 worms
  5 dart slugs
  4 leopard geckos
  15 orcs
  2 ball pythons
  6 bats
  13 giant cockroaches
  7 goblins
  A hobgoblin (D:2)
  6 quokkas
  3 frilled lizards
  2 jackal zombies (D:5)
  2 kobolds
  2 leopard gecko skeletons
  10 rats
119 creatures vanquished.

Notes
Turn   | Place    | Note
-------+----------+-------------------------------------------
     0 | D:1      | galech the Demonspawn Fighter began the quest for the Orb.
     0 | D:1      | Reached XP level 1. HP: 18/18 MP: 1/1
   425 | D:1      | Gained mutation: You are partially covered in molten
                  | scales. (AC +2) [demonic ancestry]
   425 | D:1      | Reached XP level 2. HP: 15/24 MP: 2/2
   513 | D:1      | Reached skill level 2 in Axes
   974 | D:2      | Gained mutation: When hurt, damage is shared between your
                  | health and your magic reserves. [demonic ancestry]
   974 | D:2      | Reached XP level 3. HP: 29/29 MP: 3/3
  1299 | D:2      | Gained mutation: Your flesh is cold resistant. (rC+)
                  | [demonic ancestry]
  1299 | D:2      | Reached XP level 4. HP: 33/35 MP: 4/4
  1654 | D:3      | Reached skill level 3 in Axes
  1919 | D:3      | Noticed a moth of wrath
  1922 | D:3      | Found a bloodstained altar of Trog.
  2228 | D:4      | Noticed an ogre
  2249 | D:4      | Killed an ogre
  2249 | D:4      | Reached XP level 5. HP: 7/41 MP: 1/5
  2554 | D:4      | Reached skill level 4 in Axes
  2563 | D:4      | Gained mutation: You have sharp toenails. [demonic
                  | ancestry]
  2563 | D:4      | Reached XP level 6. HP: 32/48 MP: 4/6
  2710 | D:4      | Reached skill level 1 in Dodging
  2780 | D:4      | Reached skill level 5 in Axes
  2781 | D:4      | Found a basalt altar of Yredelemnul.
  2782 | D:4      | Found a sparkling altar of Nemelex Xobeh.
  2782 | D:4      | Found a stormy altar of Qazlal.
  3009 | D:4      | Reached XP level 7. HP: 26/54 MP: 3/7
  3112 | D:5      | Entered Level 5 of the Dungeon
  3345 | D:5      | HP: 1/54 [sky beast (6)]
  4218 | D:5      | Reached skill level 6 in Axes
  4599 | D:6      | Gained mutation: You have razor-sharp toenails. [demonic
                  | ancestry]
  4599 | D:6      | Reached XP level 8. HP: 61/61 MP: 8/8
  4670 | D:6      | Found a staircase to the Ecumenical Temple.
  4705 | Temple   | Entered the Ecumenical Temple
  4736 | Temple   | Became a worshipper of Warmaster Okawaru
  5548 | D:6      | Mangled by an ogre

Vault maps used:
D:1:      dpeg_arrival_stonehenge_12_columns
D:2:      minmay_roachtagon, first_ration, minmay_misc_feat_secret_circle,
          kennysheep_generic_room_4
D:3:      tgw_trog
D:4:      chequers_temple_overflow_statue_of_worship, minivault_26,
          hangedman_abyss_or_decor_stabs
D:5:      roderic_lattice_a
D:6:      temple_green
Temple:   regret_index_temple_sphere_string

Skill      XL: |  1  2  3  4  5  6  7 |
---------------+----------------------+-----
Axes           | 2 3 4 5 6 |  6.5
Armour         | 3 4 |  4.8
Shields        | 3 4 |  4.3
Fighting       | 4 |  4.7
Dodging        | 1 |  1.3
Stealth        | |  0.2

Action                   |  1- 3 |  4- 6 |  7- 9 || total
-------------------------+-------+-------+-------++-------
Melee: War axe           |   112 |   183 |   237 ||   532
       Kick              |       |    13 |       ||    13
  Use: Potion            |       |     1 |     2 ||     3
       Scroll            |       |       |     7 ||     7
  Eat: Chunk             |     1 |     6 |     5 ||    12
       Ration            |       |       |     1 ||     1
Armor: Scale mail        |     7 |       |       ||     7
       Chain mail        |    82 |   125 |   177 ||   384
Dodge: Dodged            |    20 |    37 |    32 ||    89
Block: Shield            |    46 |    74 |   105 ||   225

Table legend:
 A = Non-vault XP
 B = Vault XP
 C = Vault XP percentage of total XP
 D = Non-vault monster count
 E = Vault monster count
 F = Vault count percentage of total count
                 A         B        C        D         E       F
            +---------+---------+-------+---------+---------+-------
      Total |    1750 |      28 |   1.6 |     104 |      15 |  12.6
            +---------+---------+-------+---------+---------+-------
        D:1 |      25 |       0 |   0.0 |      13 |       0 |   0.0
        D:2 |      54 |      19 |  26.0 |      17 |      10 |  37.0
        D:3 |      39 |       9 |  18.8 |      11 |       5 |  31.2
        D:4 |     730 |       0 |   0.0 |      26 |       0 |   0.0
        D:5 |     731 |       0 |   0.0 |      23 |       0 |   0.0
        D:6 |     171 |       0 |   0.0 |      14 |       0 |   0.0
            +---------+---------+-------+---------+---------+-------
